 Dungeon Crawl Stone Soup version 0.31-a0-523-g071a6c1ffa (webtiles) character file.

Game seed: 7831313261941506665

172 Newt the Changeling (level 5, -2/45 HPs)
             Began as a Draconian Shapeshifter on Aug 11, 2023.
             Slain by a gnoll
             ... wielding a +1 heavy spear
              (11 damage)
             ... on level 3 of the Dungeon.
             The game lasted 00:01:54 (1736 turns).

Newt the Changeling (Draconian Shapeshifter)        Turns: 1736, Time: 00:01:54

Health: -2/45      AC:  5    Str: 19    XL:     5   Next: 27%
Magic:  5/5        EV: 12    Int:  8    God:
Gold:   114        SH:  0    Dex: 12    Spells: 4/4 levels left

rFire   . .          .
                       - Unarmed
rCold   . . .        (no shield)
rNeg    . . .        (body armour unavailable)
rPois   .            (helmet currently unavailable)
rElec   .            (cloak currently unavailable)
rCorr   .            (gloves currently unavailable)
SInv    .            (boots currently unavailable)
Will    .....        (no amulet)
Stlth   +            (no ring)
HPRegen 0.27/turn    (no ring)
MPRegen 0.09/turn

%: no passive effects
@: beast-form
A: beast (slay +3), AC +5, unfitting armour, cold-blooded
a: Begin Untransformation


You were on level 3 of the Dungeon.
You were a hulking beast.
You visited 1 branch of the dungeon, and saw 4 of its levels.

You collected 146 gold pieces.
You spent 32 gold pieces at shops.

Inventory:

Talismans
 b - a beast talisman (active)
 c - a flux talisman
Potions
 a - 3 potions of lignification
 d - a potion of attraction {unknown}
 e - 2 potions of invisibility
 f - a potion of cancellation {unknown}
 g - 2 potions of haste {unknown}
 h - a potion of curing


   Skills:
 - Level 3.0 Fighting
 - Level 1.7 Dodging
 - Level 3.0 Unarmed Combat
 + Level 4.8 Shapeshifting


You had 4 spell levels left.
You didn't know any spells.
Your spell library contained the following spells:

 Spells                   Type           Power      Damage    Failure   Level
 Sandblast                Erth           0%         2d4       41%         1
 Passwall                 Tmut/Erth      0%         N/A       54%         2
 Poisonous Vapours        Pois/Air       0%         N/A       54%         2
 Mephitic Cloud           Conj/Pois/Air  0%         N/A       78%         3
 Stone Arrow              Conj/Erth      0%         3d7       78%         3
 Freezing Cloud           Conj/Ice/Air   0%         6-21      100%        5
 Summon Forest            Summ/Tloc      0%         N/A       100%        5
 Eringya's Noxious Bog    Tmut/Pois      0%         4d6       100%        6
 Summon Hydra             Summ           0%         N/A       100%        7


Dungeon Overview and Level Annotations

Branches:
Dungeon (4/15)
 Temple: D:4-7

Altars:

Shops:
D:1 *


Innate Abilities, Weirdness & Mutations

You are a hulking beast.
Your limbs bulge with bestial killing power. (Slay +3)
Your plain brown scales are hard. (AC +5)
You cannot fit into any form of body armour.
You are cold-blooded and may be slowed by cold attacks.


Message History

The orc attacks as you move away! The orc misses you.
You feel sick.
Unknown command.
You feel better. The orc wizard barely misses you.
Unknown command.
You hit the orc wizard.
The orc wizard is heavily wounded.
The orc wizard closely misses you. The gnoll completely misses you.
You hit the orc wizard.
The orc wizard is almost dead.
The orc wizard hits you with a +0 dagger.
* * * LOW HITPOINT WARNING * * *
A gnoll comes into view. It is wielding a +0 flail.
The gnoll shouts!
Unknown command.
You hit the orc wizard.
You kill the orc wizard!
A gnoll comes into view. It is wielding a +0 flail.
There is a stone staircase leading down here.
The gnoll closely misses you.
There is a stone staircase leading down here.
The gnoll hits you with a +1 heavy spear.
You climb downwards.
The orc shouts!
Found 3 stones and a crooked smoking staff.
There is a stone staircase leading up here.
Unknown command.
You aren't carrying any scrolls.
The goblin shouts!
You climb upwards.
The orc throws a boomerang.
The boomerang hits you but does no damage.
The orc hits you with a +0 hand axe.
* * * LOW HITPOINT WARNING * * *
There is a stone staircase leading down here.
Unknown command.
The orc attacks as you move away! The orc hits you but does no damage.
A gnoll comes into view. It is wielding a +0 whip.
The gnoll hits you with a +0 flail.
* * * LOW HITPOINT WARNING * * *
The gnoll hits you with a +1 heavy spear!
You die...

..... #.#.# #. #.#.##.#
#.# #.#.##.# #.# #.#.##.#
#.# #.#.##.########.###
########g.................
........oho............###
.#########g...............
................##..#.#
###.##..##.#..?†....#.#
.####.##..##.#....##..#.#
..........##.#.#..##..#.#
.####.....##.......#..#.#
####.###.#.#......#.. #.#
#.#.#..##.....


You could see 2 gnolls and 2 orcs.

Vanquished Creatures
  Jessica (D:2)
  Natasha (D:3)
  An orc wizard (D:3)
  4 adders
  A worm (D:2)
  3 dart slugs (D:1)
  5 bats
  3 endoplasms
  A giant cockroach (D:1)
  8 goblins
  5 hobgoblins
  8 jackals
  2 quokkas
  A ball python (D:3)
  4 frilled lizards
  2 kobolds (D:1)
  2 rats
52 creatures vanquished.

Notes
Turn   | Place    | Note
-------+----------+-------------------------------------------
     0 | D:1      | Newt the Draconian Shapeshifter began the quest for the
                  | Orb.
     0 | D:1      | Reached XP level 1. HP: 16/16 MP: 1/1
   312 | D:1      | Reached XP level 2. HP: 25/25 MP: 2/2
   397 | D:1      | Found Rysingy's Assorted Antiques.
   418 | D:1      | Bought a scroll labelled RYENIOHE VOHOH for 32 gold pieces
   532 | D:1      | Reached XP level 3. HP: 30/31 MP: 3/3
   977 | D:2      | Noticed Jessica
   985 | D:2      | Reached XP level 4. HP: 29/38 MP: 4/4
   996 | D:2      | Killed Jessica
   997 | D:2      | Reached skill level 4 in Shapeshifting
  1679 | D:3      | Noticed Natasha
  1684 | D:3      | Killed Natasha
  1685 | D:3      | Reached XP level 5. HP: 45/45 MP: 5/5
  1733 | D:4      | Noticed a sky beast
  1736 | D:3      | Slain by a gnoll

Illustrated notes

Levels and vault maps discovered:
D:1:      wander_arrival_chamber, layout_basic, serial_shops, shop_fountains
D:2:      layout_loops_ring, chequers_serial_rivers_micro_d,
          minmay_misc_feat_chi, kennysheep_jessica_study
D:3:      layout_basic, hellmonk_ghost_happy_afterlife, uniq_natasha
D:4:      layout_cave_pods, nicolae_gozag_seed_capital, uniq_ijyb

Skill      XL: |  1  2  3  4 |
---------------+-------------+-----
Fighting       | 2 3 |  3.0
Shapeshifting  | 4 |  4.8
Dodging        | |  1.7
Unarmed Combat | |  3.0

Action                     |  1- 3 |  4- 6 || total
---------------------------+-------+-------++-------
  Melee: Unarmed           |   104 |    43 ||   147
         Tailslap          |     8 |     3 ||    11
         Punch             |     3 |       ||     3
    Use: Scroll            |     3 |     1 ||     4
         Potion            |       |     1 ||     1
   Stab: Sleeping          |     2 |       ||     2
 Armour: Skin              |    40 |    14 ||    54
  Dodge: Dodged            |    68 |    30 ||    98

Table legend: (Time is in decaauts)
 A = Elapsed time spent in this place.
 B = Non-inter-level travel time spent in this place.
 C = Inter-level travel time spent in this place.
 D = Time resting spent in this place.
 E = Time spent auto-exploring this place.
 F = Levels seen in this place.
 G = Mean time per level.
                   A        B        C        D        E       F      G
               +--------+--------+--------+--------+--------+-----+--------+
         Total |   1731 |   1689 |     42 |      0 |   1361 |   4 |  432.8 |
       Dungeon |   1731 |   1689 |     42 |      0 |   1361 |   4 |  432.8 |
               +--------+--------+--------+--------+--------+-----+--------+

Top non-repeatable levels by time:
     D:1: 719 daAuts
     D:2: 688 daAuts
     D:3: 321 daAuts
     D:4: 1 daAuts
